 Dungeon Crawl Stone Soup version 0.30-a0-778-g2ef04afb54 (webtiles) character file.

Game seed: 7867599170708839944

2 Mickster the Chopper (level 1, 0/16 HPs)
             Began as a Demigod Wanderer on Feb 15, 2023.
             Succumbed to an adder's poison
             ... on level 2 of the Dungeon.
             The game lasted 00:02:36 (85 turns).

Mickster the Chopper (Demigod Wanderer)               Turns: 85, Time: 00:02:37

Health: 0/16       AC:  3    Str: 15    XL:     1   Next: 20%
Magic:  5/5        EV: 11    Int: 14    God:
Gold:   11         SH:  0    Dex: 11    Spells: 3/3 levels left

rFire   . . .      SeeInvis .    a - +1 war axe
rCold   . . .      Faith    .    (no shield)
rNeg    . . .      Spirit   .    c - +0 leather armour
rPois   .          Reflect  .    (no helmet)
rElec   .          Harm     .    (no cloak)
rCorr   .          Rampage  .    (no gloves)
Will    .....                    (no boots)
Stlth   +                        (no amulet)
HPRegen 0.22/turn                (no ring)
MPRegen 0.09/turn                (no ring)

@: lethally poisoned (0 -> -8)
A: high MP 1, forlorn, divine attributes
a: no special abilities


You were on level 2 of the Dungeon.
You visited 1 branch of the dungeon, and saw 2 of its levels.

You collected 11 gold pieces.

Inventory:

Hand Weapons
 a - a +1 war axe (weapon)
Missiles
 d - 2 throwing nets (quivered)
Armour
 c - a +0 leather armour (worn)
Potions
 b - a potion of berserk rage


   Skills:
 + Level 1.0 Fighting
 + Level 3.7 Axes
 + Level 1.0 Dodging
 + Level 1.7 Spellcasting
 + Level 1.0 Necromancy
 + Level 1.0 Evocations


You had 3 spell levels left.
You didn't know any spells.
Your spell library contained the following spells:

 Spells                   Type           Power      Damage    Failure   Level
 Sublimation of Blood     Necr           4%         N/A       30%         2
 Cigotuvi's Dreadful Rot  Necr/Pois/Air  4%         N/A       36%         2


Dungeon Overview and Level Annotations

Branches:
Dungeon (2/15)


Innate Abilities, Weirdness & Mutations

You have an increased reservoir of magic. (+10% MP)
You shall have no god before yourself.
Your divine heritage dramatically boosts your attributes as you level up.


Message History

You hit the endoplasm.
The endoplasm is almost dead.
The endoplasm hits you but does no damage.
You hit the endoplasm.
You kill the endoplasm!
You open the door.
There is an open door here.
You enter the shallow water.
Moving in this stuff is going to be slow.
Found two escape hatches in the floor.
There is an escape hatch in the floor here.
You slide downwards.
The hatch slams shut behind you.
The adder hisses angrily.
You miss the frilled lizard.
The frilled lizard hisses.
The frilled lizard barely misses you.
You hit the frilled lizard.
You kill the frilled lizard!
The adder misses you.
You closely miss the adder. The adder bites you.
You are poisoned.
The adder poisons you! The adder bites you.
You are more poisoned.
The adder poisons you!
You barely miss the adder.
You feel very sick. The adder bites you but does no damage.
You slash the adder!
The adder is heavily wounded.
You feel sick. The adder misses you. The adder bites you.
You are lethally poisoned!
The adder poisons you!
You closely miss the adder.
The adder is heavily wounded.
* * * LOW HITPOINT WARNING * * *
You feel very sick. The adder barely misses you. x2
You closely miss the adder.
The adder is heavily wounded.
You die...

### ..# #.#
.#.####.###
.......@..#
.#..###S#.##
#..###....#
#.........#
##.####...#
.### .# ..
.#


You could see an adder.

Vanquished Creatures
  An endoplasm (D:1)
  A frilled lizard (D:2)
2 creatures vanquished.

Vanquished Creatures (others)
  A plant (D:2)
1 creature vanquished.

Grand Total: 3 creatures vanquished

Notes
Turn   | Place    | Note
-------+----------+-------------------------------------------
     0 | D:1      | Mickster the Demigod Wanderer began the quest for the Orb.
     0 | D:1      | Mickster set off with the following items: a +1 war axe, a
                  | potion of berserk rage, a +0 leather armour; and the
                  | following spells available to memorise: Sublimation of
                  | Blood, Cigotuvi's Dreadful Rot.
     0 | D:1      | Reached XP level 1. HP: 16/16 MP: 5/5
    85 | D:2      | Succumbed to an adder's poison

Illustrated notes

Levels and vault maps discovered:
D:1:      evilmike_arrival_crescent, layout_basic
D:2:      layout_loops_cross, serial_forest, infiniplex_forest_clump_cross,
          infiniplex_forest_lined_room_2, infiniplex_forest_clump_double,
          infiniplex_forest_lined_2, infiniplex_forest_end_3,
          infiniplex_forest_end_2, infiniplex_forest_clump_long,
          infiniplex_forest_lined_4_way, minivault_25

Action                     || total
---------------------------++-------
  Melee: War axe           ||     9
    Use: Scroll            ||     1
         Potion            ||     1
 Armour: Leather armour    ||     2
  Dodge: Dodged            ||     5

Table legend: (Time is in decaauts)
 A = Elapsed time spent in this place.
 B = Non-inter-level travel time spent in this place.
 C = Inter-level travel time spent in this place.
 D = Time resting spent in this place.
 E = Time spent auto-exploring this place.
 F = Levels seen in this place.
 G = Mean time per level.
                   A        B        C        D        E       F      G
               +--------+--------+--------+--------+--------+-----+--------+
         Total |     88 |     88 |      0 |      0 |      0 |   2 |   44.0 |
       Dungeon |     88 |     88 |      0 |      0 |      0 |   2 |   44.0 |
               +--------+--------+--------+--------+--------+-----+--------+

Top non-repeatable levels by time:
     D:1: 76 daAuts
     D:2: 11 daAuts
